 Dungeon Crawl Stone Soup version 0.28-a0-622-gbaef9634d7 (webtiles) character file.

Game seed: 14003355293774051296

120 ytrimaz the Skirmisher (level 4, -1/60 HPs)
             Began as a Draconian Berserker on Oct 7, 2021.
             Was a Believer of Trog.
             Slain by Sigmund (6 damage)
             ... on level 2 of the Dungeon.
             The game lasted 00:02:47 (1479 turns).

ytrimaz the Skirmisher (Draconian Berserker)        Turns: 1479, Time: 00:02:47

Health: -1/60      AC:  5    Str: 20    XL:     4   Next: 75%
Magic:  4/4        EV: 12    Int:  8    God:    Trog [**....]
Gold:   45         SH:  0    Dex: 10    Spells: 3/3 levels left

rFire   . . .      SeeInvis .   e - +4 short sword
rCold   . . .      Faith    .   (no shield)
rNeg    . . .      Spirit   .   (armour unavailable)
rPois   .          Reflect  .   (helmet restricted)
rElec   .          Harm     .   (no cloak)
rCorr   .          Rampage  .   (no gloves)
Will    .....                   (no boots)
Stlth   ..........              (no amulet)
HPRegen 0.20/turn               (no ring)
MPRegen 0.09/turn               (no ring)

@: confused, berserking, very quick
A: AC +5, unfitting armour, cold-blooded
a: Renounce Religion, Berserk, Trog's Hand


You were on level 2 of the Dungeon.
You worshipped Trog.
Trog was pleased with you.
You visited 1 branch of the dungeon, and saw 2 of its levels.

You collected 45 gold pieces.

Inventory:

Hand Weapons
 a - a +0 hand axe
 e - a +4 short sword (weapon)
Scrolls
 c - 3 scrolls of identify {unknown}
 f - a scroll of amnesia {unknown}
Potions
 d - a potion of flight {unknown}
 g - 2 potions of heal wounds {unknown}
 h - a potion of ambrosia {unknown}


   Skills:
 + Level 4.1 Fighting
 * Level 1.0 Short Blades
 - Level 4.0 Axes
 + Level 3.5 Dodging
 + Level 0.4 Stealth


You had 3 spell levels left.
You didn't know any spells.
Your spell library was empty.

Dungeon Overview and Level Annotations

Branches:
Dungeon (2/15)

Altars:

Annotations:
D:2 Sigmund


Innate Abilities, Weirdness & Mutations

Your plain brown scales are hard. (AC +5)
You cannot fit into any form of body armour.
You are cold-blooded and may be slowed by cold attacks.


Message History

Deactivating autopickup; reactivate with Ctrl-A.
You hear some strange, mumbled words.
Something tries to affect you, but you resist.
Something tries to affect you, but you resist.
Something tries to affect you, but you resist.
A puff of flame appears from out of thin air!
The puff of flame hits you. Something hits you but does no damage.
You hear some strange, mumbled words.
You are confused.
You bump into the rock wall.
Something hits you!
Okay, then.
Okay, then.
You bump into the rock wall.
Something completely misses you.
You bump into the rock wall.
You bump into the rock wall.
Something hits you!
It was a potion of curing.
You feel better. Something hits you!
* * * LOW HITPOINT WARNING * * *
You feel better.
You feel better.
A magic dart appears from out of thin air!
The magic dart hits you. Something hits you!
* * * LOW HITPOINT WARNING * * *
A red film seems to cover your vision as you go berserk!
You feel yourself moving faster!
You feel mighty! Something hits you.
* * * LOW HITPOINT WARNING * * *
You miss something. You barely miss something. Something hits you.
* * * LOW HITPOINT WARNING * * *
You closely miss something. You closely miss something.
Your tail-slap misses something.
You hear some strange, mumbled words.
You are confused.
You bump into the rock wall.
You are too berserk!
You bump into the rock wall.
You feel a strong urge to attack something.
Something hits you.
You die...

.#.#####.........#
#..........#
.#.......#..####.#
#..........#
.#########..#<##.#
#..........# .#
#####..#.##.# #(.........#
.#
#...(....##.###..........#
.#
#............รท..........(#
.#
#....##..##.#####.##########
.# #....##..##.#
#........... .#
#........##@# ###########.
## #.....#..##{# #.
#.....#..##.# #)
#.....##.##.# ###########.
#.....+.....# #...........
#.....##....# #...........
#####.##....# #...........
#.......# #........<..
######..# #...........


There were no monsters in sight!

Vanquished Creatures
  A scorpion (D:2)
  An adder (D:2)
  A worm (D:2)
  6 endoplasms
  2 giant cockroaches
  7 goblins
  2 hobgoblins (D:2)
  4 jackals (D:2)
  2 kobolds (D:2)
  A quokka (D:1)
  A ball python (D:1)
  5 bats
  4 frilled lizards
  11 rats
48 creatures vanquished.

Notes
Turn   | Place    | Note
-------+----------+-------------------------------------------
     0 | D:1      | ytrimaz the Draconian Berserker began the quest for the
                  | Orb.
     0 | D:1      | Reached XP level 1. HP: 19/19 MP: 1/1
   159 | D:1      | Reached XP level 2. HP: 25/26 MP: 2/2
   183 | D:1      | Found a faded altar of an unknown god.
   530 | D:1      | Reached ** piety under Trog
   842 | D:2      | Reached XP level 3. HP: 33/33 MP: 3/3
   848 | D:2      | Noticed a scorpion
   857 | D:2      | Killed a scorpion
   858 | D:2      | Reached XP level 4. HP: 40/40 MP: 4/4
  1409 | D:2      | Reached skill level 1 in Short Blades
  1439 | D:2      | Noticed Sigmund
  1479 | D:2      | Slain by Sigmund

Illustrated notes

Levels and vault maps discovered:
D:1:      dpeg_arrival_ratfight, layout_loops_ring,
          hellmonk_ecumenical_altar_slurped_away
D:2:      layout_basic, kennysheep_generic_room_11, uniq_crazy_yiuf_cottage,
          uniq_sigmund

Skill      XL: |  1  2  3  4 |
---------------+-------------+-----
Dodging        | 3 |  3.5
Fighting       | 4 |  4.1
Axes           | 4 |  4.0
Short Blades   | 1 |  1.0
Stealth        | |  0.4

Action                   |  1- 3 |  4- 6 || total
-------------------------+-------+-------++-------
Melee: Hand axe          |    67 |       ||    67
       Tailslap          |     5 |     4 ||     9
       Short sword       |       |    47 ||    47
Invok: Berserk           |     1 |     1 ||     2
  Use: Potion            |       |     3 ||     3
Armor: Skin              |    24 |    17 ||    41
Dodge: Dodged            |    52 |    24 ||    76

Table legend: (Time is in decaauts)
 A = Elapsed time spent in this place.
 B = Non-inter-level travel time spent in this place.
 C = Inter-level travel time spent in this place.
 D = Time resting spent in this place.
 E = Time spent auto-exploring this place.
 F = Levels seen in this place.
 G = Mean time per level.
                   A        B        C        D        E       F      G
               +--------+--------+--------+--------+--------+-----+--------+
         Total |   1503 |   1471 |     32 |      0 |   1046 |   2 |  751.5 |
       Dungeon |   1503 |   1471 |     32 |      0 |   1046 |   2 |  751.5 |
               +--------+--------+--------+--------+--------+-----+--------+

Top non-repeatable levels by time:
     D:1: 844 daAuts
     D:2: 659 daAuts
